 Dungeon Crawl Stone Soup version 0.23.2-40-g277498a001 (webtiles) character file.

Game seed: 1088181292961683664

23 Aggronaut the Sneak (level 2, 0/13 HPs)
             Began as a Spriggan Enchanter on Oct 2, 2019.
             Slain by a bat (1 damage)
             ... on level 1 of the Dungeon.
             The game lasted 00:03:10 (1417 turns).

Aggronaut the Sneak (Spriggan Enchanter)            Turns: 1417, Time: 00:03:10

Health: 0/13       AC:  2    Str:  4    XL:     2   Next: 72%
Magic:  6/6        EV: 18    Int: 16    God:
Gold:   10         SH:  0    Dex: 16    Spells: 5/6 levels left

rFire    . . .     SeeInvis +   a - +1 dagger
rCold    . . .     Gourm    .   (shield restricted)
rNeg     . . .     Faith    .   e - +0 robe (curse)
rPois    .         Spirit   .   (helmet restricted)
rElec    .         Reflect  .   (no cloak)
rCorr    .         Harm     .   (gloves unavailable)
MR       .....                  (boots unavailable)
Stlth    +++.......             (no amulet)
HPRegen  0.04/turn              (no ring)
MPRegen  0.10/turn              (no ring)

@: very quick
A: very small, unfitting armour, see invisible, herbivore, speed 3, slow
metabolism 2
a: no special abilities


You were on level 1 of the Dungeon.
You were not hungry.

You visited 1 branch of the dungeon, and saw 1 of its levels.

You collected 10 gold pieces.

Inventory:

Hand Weapons
 a - a +1 dagger (weapon)
Armour
 b - a +0 robe
 e - a cursed +0 robe (worn)
Jewellery
 c - a +2 ring of dexterity {unknown}
 j - an uncursed amulet of faith {unknown}
Scrolls
 g - a scroll of teleportation {unknown}
 h - a scroll of remove curse {unknown}
 i - a scroll of fear {unknown}
 k - 2 scrolls of identify {unknown}
Potions
 f - 2 potions of brilliance {unknown}
Comestibles
 d - 3 rations


   Skills:
 - Level 1.1 Short Blades
 - Level 3.0 Dodging
 + Level 5.1 Stealth
 - Level 2.7 Spellcasting
 * Level 4.4 Hexes


You had 5 spell levels left.
You knew the following spells:

 Your Spells              Type           Power        Failure   Level  Hunger
a - Corona                Hex            ###....      3%          1    #......

Your spell library contained the following spells:

 Spells                   Type           Power        Failure   Level  Hunger
 Confuse                  Hex            ###.....     10%         3    ###....
 Tukima's Dance           Hex            ###.....     10%         3    ###....
 Ensorcelled Hibernation  Hex/Ice        #.....       12%         2    ##.....
 Dazzling Spray           Conj/Hex       #.....       24%         3    ###....


Dungeon Overview and Level Annotations

Branches:
Dungeon (1/15)

Altars:


Innate Abilities, Weirdness & Mutations

You are very small and have problems with some larger weapons.
You are too small for most types of armour.
You have supernaturally acute eyesight. (SInv)
You are a herbivore.
You cover ground extremely quickly.
You need to consume almost no food.


Message History

The bat hits you but does no damage.
You miss the bat. The bat closely misses you.
The bat hits you but does no damage. The bat completely misses you.
The bat misses you. The bat closely misses you. The bat closely misses you.
The bat misses you.
The bat stops glowing.
The bat closely misses you. The bat completely misses you.
The bat closely misses you. The bat barely misses you.
The bat barely misses you. The bat hits you but does no damage.
The bat misses you. The bat completely misses you.
The bat completely misses you. The bat hits you.
* * * LOW HITPOINT WARNING * * *
The bat completely misses you. The bat hits you.
You die...

.....# #...# #.....# .....# #...#
###)### .....# #...# #####.###
##.### #†..# #........
##.##################.###........
##.#..[..........................
##.#.###########.......##........
#.#.##....#.....b...............
#.#.##.##.#.###@b......#........
#......##.#.# #######..[........
#......##.#.# #..#........
#.(....##.#.# #..#........
#...>..##.#.# #..#........
##.........#†# #..#####.###
.####.#.####.#########..# #.#
...##.#.# #............## #.#
.#h##.#.# #.............# #.#


You could see 2 bats.

Vanquished Creatures
  A dart slug (D:1)
  A leopard gecko (D:1)
  2 goblins (D:1)
  3 hobgoblins (D:1)
  2 jackals (D:1)
  A ball python (D:1)
  A bat (D:1)
  3 frilled lizards (D:1)
  4 kobolds (D:1)
  A rat (D:1)
19 creatures vanquished.

Notes
Turn   | Place    | Note
-------+----------+-------------------------------------------
     0 | D:1      | Aggronaut the Spriggan Enchanter began the quest for the
                  | Orb.
     0 | D:1      | Reached XP level 1. HP: 9/9 MP: 5/5
   125 | D:1      | Reached XP level 2. HP: 13/13 MP: 6/6
   373 | D:1      | Reached skill level 5 in Stealth
  1417 | D:1      | Slain by a bat

Skill      XL: |  1  2 |
---------------+-------+-----
Hexes          | 4 |  4.4
Stealth        | 5 |  5.1
Short Blades   | |  1.1
Dodging        | |  3.0
Spellcasting   | |  2.7

Action                   || total
-------------------------++-------
Melee: Dagger            ||    86
 Cast: Corona            ||    10
 Stab: Sleeping          ||     3
Armor: Robe              ||    16
Dodge: Dodged            ||    96
